 Dungeon Crawl Stone Soup version 0.17.0-28-g6e173f8 (webtiles) character file.

67 MDvedh the Ruffian (level 4, -4/33 HPs)
             Began as a Ghoul Conjurer on Nov 22, 2015.
             Killed from afar by an orc wizard (9 damage)
             ... with a magic dart
             ... on level 3 of the Dungeon.
             The game lasted 00:03:38 (1846 turns).

MDvedh the Ruffian (Ghoul Conjurer)                 Turns: 1846, Time: 00:03:38

Health: -4/33      AC:  2    Str: 12    XL:     4   Next: 16%
Magic:  5/5        EV:  7    Int: 10    God:
Gold:   138        SH:  0    Dex:  9    Spells: 1 memorised, 5 levels left

rFire  . . .     SeeInvis .       - Unarmed
rCold  + . .     Clarity  .     a - +0 robe
rNeg   + + +     SustAt   .     (no shield)
rPois  ∞         Gourm    .     (no helmet)
rElec  .         Spirit   .     (no cloak)
rCorr  .         Warding  .     (no gloves)
rMut   .         Stasis   .     (no boots)
MR     .....                    (no amulet)
Stlth  ++........               (no ring)
                                (no ring)

@: rotting, not resistant to hostile enchantments, unstealthy
A: rotting body, claws 1, carnivore 3, cold resistance 1, negative energy
resistance 3, slow regeneration 1, torment resistance, unbreathing
a: no special abilities


You were on level 3 of the Dungeon.
You were not hungry.

You visited 1 branch of the dungeon, and saw 3 of its levels.

You collected 138 gold pieces.

Inventory:

Missiles
 j - 8 javelins (quivered)
Armour
 a - a +0 robe (worn)
Jewellery
 l - an uncursed ring of fire
Scrolls
 e - a scroll of amnesia {unknown}
 f - 2 scrolls of enchant armour {unknown}
 g - 3 scrolls of identify {unknown}
 h - 2 scrolls of remove curse {unknown}
 i - a scroll of fog {unknown}
 m - a scroll of fear {unknown}
 o - 2 scrolls of noise {unknown}
 r - a scroll of magic mapping {unknown}
Potions
 d - a potion of magic {unknown}
 n - a potion of poison {unknown}
 p - 2 potions of agility {unknown}
 q - a potion of flight {unknown}
 t - a potion of curing {unknown}
Books
 b - a book of Conjurations

   Spells                             Type                      Level
   a - Magic Dart                     Conjuration                  1
   b - Searing Ray                    Conjuration                  2
   c - Dazzling Spray                 Conjuration/Hexes            3
   d - Fulminant Prism                Conjuration/Hexes            4
   e - Iskenderun's Mystic Blast      Conjuration                  4
   f - Iskenderun's Battlesphere      Conjuration/Charms           5
Comestibles
 c - a meat ration
 k - a slice of pizza


   Skills:
 - Level 1.7 Dodging
 - Level 2.1 Stealth
 + Level 4.0 Unarmed Combat
 - Level 1.7 Spellcasting
 - Level 3.2 Conjurations


You had 5 spell levels left.
You knew the following spells:

 Your Spells              Type           Power        Failure   Level  Hunger
a - Magic Dart            Conj           #...         10%         1    ##.....


Dungeon Overview and Level Annotations

Branches:
Dungeon (3/15)

Altars:
The Shining One


Innate Abilities, Weirdness & Mutations

Your body is rotting away.
You thrive on raw meat.
You are immune to poison.
You have sharp fingernails.
You are carnivorous and can eat meat at any time.
Your flesh is cold resistant.
You are immune to negative energy.
You regenerate slowly when monsters are visible.
You are immune to unholy pain and torment.
You can survive without breathing.


Message History

An orc comes into view.
The orc throws a stone.
The stone closely misses you.
An orc comes into view. It is wielding a club.
You see here a stone.
There are monsters nearby!
The orc wizard casts a spell at you. The puff of flame hits you!
* * * LOW HITPOINT WARNING * * *
The orc throws a stone.
The stone hits you.
* * * LOW HITPOINT WARNING * * *
You see here a stone.
The orc throws a stone.
The stone hits you but does no damage.
You see here a stone.
The orc throws a stone.
The stone barely misses you.
You see here a stone.
The orc wizard casts a cantrip, but nothing happens.
There is a stone staircase leading up here.
The orc wizard points at you and mumbles some strange words.
The magic dart hits you!
You die...

#.#. ..# ..#.......÷.#.###
. #......# .##.......##...#
.. ..................##...#
... #..#.#...........###.##
.... ..... ......#...# #.#
..o.. #..# #.......### #.#
......###.###...###..####.#
....?.o(.((o#...........#.#
.......####o@...........#.#
...##..##
#..#..........#.### .
#....###.#..............#
###......#..........#.#.#
........................ .
##......#.##########....
..########...# #....
#.......##..## #.#.#
#........#..# #.###


You could see an orc wizard and 2 orcs.

Vanquished Creatures
  2 adders (D:2)
  3 worms
  2 giant geckos (D:2)
  A ball python (D:2)
  3 bats
  4 giant cockroaches
  4 goblins
  3 hobgoblins (D:1)
  4 giant newts
  3 jackals (D:1)
  5 kobolds
  5 rats
39 creatures vanquished.

Notes
Turn   | Place    | Note
--------------------------------------------------------------
     0 | D:1      | MDvedh the Ghoul Conjurer began the quest for the Orb.
     0 | D:1      | Reached XP level 1. HP: 14/14 MP: 2/2
   122 | D:1      | Reached skill level 1 in Unarmed Combat
   223 | D:1      | Reached XP level 2. HP: 16/19 MP: 3/3
  1040 | D:2      | Reached XP level 3. HP: 24/26 MP: 4/4
  1599 | D:2      | Found a glowing golden altar of the Shining One.
  1697 | D:2      | Reached XP level 4. HP: 32/32 MP: 5/5
  1802 | D:3      | Reached skill level 4 in Unarmed Combat
  1846 | D:3      | Killed from afar by an orc wizard

Action                   |  1- 3 |  4- 6 || total
-------------------------+-------+-------++-------
Melee: Unarmed           |   171 |    33 ||   204
 Cast: Magic Dart        |     8 |       ||     8
 Stab: Sleeping          |     2 |     2 ||     4
  Eat: Chunk             |    16 |     5 ||    21
